 Dungeon Crawl Stone Soup version 0.30.1-11-g7821555f0a (webtiles) character file.

Game seed: 10133600470779113021

99 JPNDWG the Slasher (level 4, -1/34 HPs)
             Began as a Demonspawn Gladiator on Nov 20, 2023.
             Slain by a jackal (3 damage)
             ... on level 2 of the Dungeon.
             The game lasted 00:06:06 (1953 turns).

JPNDWG the Slasher (Demonspawn Gladiator)           Turns: 1953, Time: 00:06:07

Health: -1/34      AC:  8    Str: 14    XL:     4   Next: 45%
Magic:  4/4        EV: 11    Int: 11    God:
Gold:   261        SH:  0    Dex: 15    Spells: 3/3 levels left

rFire   . . .        i - +0 falchion
rCold   + . .        (no shield)
rNeg    . . .        o - +2 ring mail of Valour {rC+}
rPois   +            (helmet restricted)
rElec   .            (no cloak)
rCorr   .            g - +0 pair of gloves
SInv    .            (no boots)
Will    .....        (no amulet)
Stlth   +            p - ring of poison resistance
HPRegen 0.25/turn    t - ring of wizardry
MPRegen 0.09/turn

%: wizardry (x1)
@: no status effects
A: antennae 1
a: no special abilities


You were on level 2 of the Dungeon.
You visited 1 branch of the dungeon, and saw 3 of its levels.

You collected 261 gold pieces.

Inventory:

Hand Weapons
 a - a +0 long sword
 i - a +0 falchion (weapon)
Missiles
 d - 3 throwing nets (quivered)
 e - a javelin
Armour
 b - a +0 leather armour
 c - a +0 helmet
 g - a +0 pair of gloves (worn)
 k - a +2 helmet
 m - a +0 ring mail
 o - the +2 ring mail of Valour (worn) {rC+}
   (You found it on level 2 of the Dungeon)

   rC:        It protects you from cold.
 q - a +1 ring mail of cold resistance
Jewellery
 p - a ring of poison resistance (left hand)
 t - a ring of wizardry (right hand)
Scrolls
 f - 2 scrolls of identify {unknown}
 l - a scroll of torment {unknown}
 r - a scroll of brand weapon {unknown}
 v - a scroll of immolation {unknown}
 x - a scroll of vulnerability {unknown}
Potions
 h - 2 potions of haste {unknown}
 j - a potion of lignification {unknown}
 n - 3 potions of flight {unknown}
 s - a potion of brilliance {unknown}
 u - a potion of mutation {unknown}
 w - a potion of curing {unknown}


   Skills:
 + Level 2.9 Fighting
 + Level 3.3 Long Blades
 + Level 2.6 Throwing
 + Level 3.3 Dodging


You had 3 spell levels left.
You didn't know any spells.
Your spell library was empty.

Dungeon Overview and Level Annotations

Branches:
Dungeon (3/15)

Altars:

Shops:
D:2 (


Innate Abilities, Weirdness & Mutations

You have a pair of small antennae on your head.


Message History

You closely miss the hound.
The hound is heavily wounded.
The hound bites you but does no damage. The jackal closely misses you.
The jackal barely misses you.
The jackal bites you but does no damage.
The hound bites you but does no damage.
The jackal bites you but does no damage.
You hit the hound.
The hound is severely wounded.
The jackal bites you but does no damage. x2
The hound closely misses you.
The jackal bites you but does no damage.
The jackal closely misses you.
The jackal bites you but does no damage.
The hound closely misses you.
The jackal bites you but does no damage.
You barely miss the hound.
The hound is severely wounded.
The jackal barely misses you. The jackal misses you. The hound bites you.
* * * LOW HITPOINT WARNING * * *
The jackal barely misses you.
The jackal bites you but does no damage.
You miss the hound.
The hound is severely wounded.
The jackal closely misses you. The hound barely misses you.
The jackal barely misses you.
The jackal bites you but does no damage.
The hound closely misses you. The jackal closely misses you.
The jackal barely misses you.
You hit the hound.
The hound is almost dead.
The hound bites you but does no damage. The jackal barely misses you.
The jackal misses you. The jackal closely misses you.
The hound bites you but does no damage.
The jackal bites you but does no damage.
You barely miss the hound.
The hound is almost dead.
The jackal barely misses you. x2; The hound bites you but does no damage.
The jackal bites you.
You die...

.......# ##..#..#.#.#### #.#
##~##### #....###.## #)# PP~...#
#....# #.# #.# .PP~.P# ###..#
#.## ###.# #.P~.#########.###..#
#...# ##.~.#............#.###
#.### .#P~.####.............# #.#
##.~#####.#....hhh###.####.#
#P~.#...........@†# #......######
#~.##.....#......h###............
~PP########......†.....##...#.##.
~PP# #.......#....>......##. PP##
########..##.##...####. ###
#.###.###.#####. ..# #.# #.#
#...<.#. ..# #.# #.# #.###.#. .##
#.# #.###.###.#.


You could see a hound and 3 jackals.

Vanquished Creatures
  Natasha (twice) (D:2)
  An adder (D:2)
  A worm (D:2)
  A dart slug (D:2)
  5 endoplasms
  A giant cockroach (D:2)
  5 goblins
  2 hobgoblins (D:1)
  A jackal (D:3)
  A quokka (D:2)
  2 ball pythons
  2 bats
  4 frilled lizards
  4 kobolds
  7 rats (D:2)
39 creatures vanquished.

Notes
Turn   | Place    | Note
-------+----------+-------------------------------------------
     0 | D:1      | JPNDWG the Demonspawn Gladiator began the quest for the
                  | Orb.
     0 | D:1      | Reached XP level 1. HP: 16/16 MP: 1/1
   259 | D:1      | Gained mutation: You have a pair of small antennae on your
                  | head. [demonic ancestry]
   259 | D:1      | Reached XP level 2. HP: 22/22 MP: 2/2
   919 | D:2      | Identified the +2 ring mail of Valour {rC+}
  1148 | D:2      | Reached XP level 3. HP: 28/28 MP: 3/3
  1192 | D:2      | Found Honawk's Antique Weapon Shoppe.
  1545 | D:2      | Noticed Natasha
  1558 | D:2      | Killed Natasha
  1559 | D:2      | Reached XP level 4. HP: 13/34 MP: 4/4
  1794 | D:2      | Found a faded altar of an unknown god.
  1910 | D:2      | Noticed Natasha
  1916 | D:2      | Killed Natasha
  1950 | D:2      | HP: 1/34 [hound (1)]
  1953 | D:2      | Slain by a jackal

Illustrated notes

Levels and vault maps discovered:
D:1:      dpeg_arrival_rooms_a, layout_basic, serial_curves, eino_curves_02,
          eino_curves_01, st_stairs_12, wander_ebering_terrifying_dragon_lair
D:2:      layout_loops_ring, shapermc_ecumenical_altar_hornbeckon, serial_shops,
          nicolae_shop_temple_entry_statues_fountains, grunt_decor_one_mirror,
          minmay_rat_gold_closets, uniq_natasha
D:3:      minmay_chambers_of_threes, layout_rooms, mrwooster_statue_mirror,
          hangedman_decor_clover_reticule, ebering_dispersal_statue_hall,
          minmay_ruptured

Skill      XL: |  1  2 |
---------------+-------+-----
Throwing       | 2 |  2.6
Long Blades    | 3 |  3.3
Dodging        | 3 |  3.3
Fighting       | |  2.9

Action                     |  1- 3 |  4- 6 || total
---------------------------+-------+-------++-------
  Melee: Long sword        |    19 |       ||    19
         Falchion          |    99 |    25 ||   124
         Punch             |     2 |     1 ||     3
 Armour: Leather armour    |    14 |       ||    14
         Ring mail         |    37 |    59 ||    96
  Dodge: Dodged            |    62 |    62 ||   124
